Map: Frozen Temple

Players

Pokebunny - Winner!

  • Race: Terran Terran
  • League: Grandmaster

jheffe

  • Race: Terran Terran
  • League: Master

VOD

Have the link to the VOD?

Description

Time

  • Played on: April 4, 2016, 2:37 p.m.
  • Length: 8:27
Show
View Real Time Build Order
Export as new Build Order

Pokebunny Terran - Winner!

Build Orders: MMM Bio 

Get SALT Encoding   

  12  0:00  SCV  
  13  0:12  SCV  
  14  0:18  Supply Depot  
  14  0:25  SCV  
  15  0:29  Refinery  
  15  0:39  SCV  
  16  0:44  Barracks  
  16  0:53  SCV  
  17  1:05  Barracks, SCV  
  18  1:23  Barracks, SCV  
  19  1:31  Reaper  
  20  1:40  Orbital Command  
  20  1:53  Refinery, Reaper  
  21  2:03  Reaper  
  22  2:14  Barracks  
  23  2:20  Reaper, Supply Depot  
  23  2:39  Supply Depot  
  23  2:42  Reaper x2, SCV  
  26  2:51  Bunker  
  26  2:52  Reaper  
  26  2:55  SCV  
  28  3:05  Reaper  
  29  3:14  Reaper  
  30  3:22  Reaper  
  30  3:23  SCV  
  30  3:24  Reaper  
  33  3:29  Bunker  
  32  3:41  Reaper, SCV  
  32  3:46  Reaper  
  34  4:08  Reaper x2  
  32  4:13  Reaper  
  33  4:22  SCV  
  30  4:34  Command Center, Barracks Tech Lab  
  30  4:36  SCV  
  30  4:40  Reaper, Marine  
  30  4:44  Command Center  
  32  4:45  Marine  
  33  4:57  Marine  
  33  4:59  Stimpack  
  34  5:03  Factory, SCV  
  35  5:09  Marine x2  
  35  5:12  Marine  
  38  5:17  SCV  
  37  5:28  Marine x2  
  37  5:34  Supply Depot x2  
  39  5:43  Supply Depot  
  39  5:45  Marine x2, SCV  
  39  5:47  Starport  
  42  5:50  Factory Reactor  
  42  6:00  Barracks Reactor  
  42  6:03  Orbital Command  
  42  6:12  Orbital Command  
  42  6:15  SCV  
  43  6:19  Marine  
  43  6:20  Marine  
  45  6:27  SCV  
  45  6:35  Marine x2  
  45  6:36  Marine  
  45  6:37  Marine, SCV x2  
  50  6:45  Marine  
  51  6:53  Marine  
  52  6:55  Factory Tech Lab, SCV x3  
  55  7:04  Combat Shields  
  55  7:05  Medivac x2  
  55  7:07  SCV x2  
  61  7:09  SCV  
  61  7:10  Barracks Reactor  
  61  7:12  Refinery  
  61  7:15  Refinery, Marine x2  
  62  7:16  Barracks Reactor, Marine  
  62  7:18  Siege Tank  
  68  7:28  Engineering Bay  
  68  7:29  SCV  
  69  7:30  Supply Depot  
  69  7:31  Engineering Bay  
  69  7:33  SCV x2  
  68  7:41  Orbital Command  
  68  7:42  Marine x3  
  71  7:48  Viking  
  71  7:50  Siege Tank  
  76  7:52  SCV x2  
  76  7:54  Supply Depot  
Show
View Real Time Build Order
Export as new Build Order

jheffe Terran 

Build Orders: Reaper Expand 

Get SALT Encoding   

  12  0:00  SCV  
  13  0:13  SCV  
  14  0:17  Supply Depot  
  14  0:25  SCV  
  15  0:39  SCV  
  15  0:40  Barracks  
  16  0:44  Refinery  
  16  0:51  SCV  
  17  1:03  SCV  
  18  1:15  SCV  
  19  1:29  Orbital Command  
  19  1:30  Reaper  
  20  1:45  Command Center  
  20  1:59  SCV  
  21  2:02  Marine  
  22  2:08  Supply Depot  
  22  2:11  Factory  
  21  2:18  SCV  
  21  2:20  Marine  
  23  2:30  SCV  
  24  2:41  Bunker  
  24  2:42  Marine  
  24  2:43  SCV  
  26  2:58  Hellion, Orbital Command  
  28  3:00  Marine  
  29  3:18  Marine  
  30  3:21  Factory Tech Lab  
  30  3:22  Starport  
  30  3:23  SCV  
  31  3:36  Marine  
  28  3:42  Siege Tank  
  28  3:43  SCV x2  
  28  3:57  Marine  
  18  4:12  SCV  
  18  4:15  Marine  
  17  4:19  SCV  
  17  4:24  SCV  
  17  4:32  SCV  
  17  4:36  SCV  
  19  4:44  SCV  
  20  4:48  SCV  
  20  4:50  Refinery  
  21  4:56  SCV  
  22  5:00  SCV  
  23  5:08  SCV  
  23  5:12  SCV  
  23  5:13  Barracks Tech Lab  
  23  5:14  Supply Depot  
  25  5:20  SCV  
  26  5:24  SCV  
  27  5:32  SCV, Stimpack  
  28  5:35  Marine  
  28  5:36  SCV  
  28  5:39  Barracks  
  28  5:40  Barracks  
  30  5:44  SCV  
  30  5:48  SCV  
  30  5:49  Supply Depot  
  32  5:53  Marine  
  32  5:56  SCV  
  34  6:00  Medivac, SCV  
  37  6:08  SCV  
  37  6:10  Siege Tank  
  41  6:13  SCV  
  41  6:14  Marine  
  43  6:21  SCV  
  44  6:27  Barracks Reactor  
  44  6:29  Barracks Reactor  
  44  6:32  SCV  
  45  6:41  Orbital Command  
  45  6:46  SCV  
  46  7:00  Starport Reactor  
  46  7:03  Command Center  
  46  7:12  Supply Depot  
  46  7:19  Engineering Bay  
  46  7:22  Siege Tank, Marine x3, SCV x2  
  54  7:33  Marine  
  54  7:34  SCV x2  
  54  7:35  Marine  
  58  7:41  Refinery  
  58  7:45  Supply Depot  
  58  7:46  SCV x2  
  58  7:47  Supply Depot  
  58  7:50  Marine  
  61  7:52  Marine  
  62  8:06  Marine x3, SCV x2  
Tags
 
Add a new tag
Caveats
  • Supply blocks, unpowered buildings, or Contaminate may cause inaccurate times.
  • Supply counts are checked every 10 seconds.